 Dungeon Crawl Stone Soup version 0.30-a0-622-gddc90eaa04 (webtiles) character file.

Game seed: 10786358870324108329

235 NinjaNoafa the Trooper (level 6, -4/56 HPs)
             Began as a Hill Orc Fighter on Jan 10, 2023.
             Was an Initiate of Beogh.
             Slain by a wyvern (15 damage)
             ... on level 3 of the Dungeon.
             The game lasted 00:04:40 (2707 turns).

NinjaNoafa the Trooper (Hill Orc Fighter)           Turns: 2707, Time: 00:04:40

Health: -4/56      AC:  8    Str: 21    XL:     6   Next: 6%
Magic:  6/6        EV:  9    Int:  8    God:    Beogh [......]
Gold:   89         SH:  5    Dex: 10    Spells: 5/5 levels left

rFire   . . .      SeeInvis .    a - +0 war axe
rCold   + . .      Faith    .    c - +1 buckler
rNeg    . . .      Spirit   .    b - +0 scale mail
rPois   .          Reflect  .    (no helmet)
rElec   .          Harm     .    (no cloak)
rCorr   .          Rampage  .    (no gloves)
Will    .....                    t - +0 pair of boots Stlth
                                 (no amulet)
HPRegen 0.29/turn                e - ring of protection from cold
MPRegen 0.10/turn                (no ring)

@: no status effects
A: no striking features
a: Renounce Religion


You were on level 3 of the Dungeon.
You worshipped Beogh.
Beogh was noncommittal.
You visited 1 branch of the dungeon, and saw 3 of its levels.

You collected 89 gold pieces.

Inventory:

Hand Weapons
 a - a +0 war axe (weapon)
Missiles
 f - 15 poisoned darts (quivered)
 r - 2 boomerangs
Armour
 b - a +0 scale mail (worn)
 c - a +1 buckler (worn)
 t - a +0 pair of boots (worn)
Jewellery
 e - a ring of protection from cold (left hand)
Wands
 p - a wand of polymorph (7)
Scrolls
 h - a scroll of blinking {unknown}
 i - 6 scrolls of identify {unknown}
 n - 2 scrolls of enchant armour
 o - a scroll of teleportation
 s - a scroll of fog {unknown}
Potions
 d - a potion of heal wounds {unknown}
 g - a potion of attraction {unknown}
 k - a potion of flight {unknown}
 l - a potion of resistance {unknown}
Miscellaneous
 q - a phial of floods


   Skills:
 + Level 5.0 Fighting
 + Level 4.5 Axes
 + Level 4.6 Armour
 + Level 4.5 Shields


You had 5 spell levels left.
You didn't know any spells.
Your spell library contained the following spells:

 Spells                   Type           Power      Damage    Failure   Level
 Magic Dart               Conj           0%         1d3       83%         1
 Searing Ray              Conj           0%         2d4       92%         2
 Stone Arrow              Conj/Erth      0%         3d7       99%         3
 Animate Armour           Summ/Erth      0%         N/A       100%        4
 Animate Dead             Necr           0%         N/A       100%        4
 Fulminant Prism          Conj/Hex       0%         3d5       100%        4
 Haunt                    Necr/Summ      0%         N/A       100%        7
 Infestation              Necr           0%         N/A       100%        8
 Lehudib's Crystal Spear  Conj/Erth      0%         10d2      100%        8


Dungeon Overview and Level Annotations

Branches:
Dungeon (3/15)

Altars:
Cheibriados
Gozag
Hepliaklqana
Trog

Annotations:
D:2 1 runed translucent door, Crazy Yiuf


Message History

You completely miss the orc priest.
The orc priest is lightly wounded.
The orc priest hits you with a +0 trident of protection.
* * * LOW HITPOINT WARNING * * *
You barely miss the orc priest.
The orc priest is lightly wounded.
You block the orc priest's attack.
You feel better. The orc priest closely misses you.
You hit the orc priest.
The orc priest is moderately wounded.
The orc priest hits you with a +0 trident of protection. x2
* * * LOW HITPOINT WARNING * * *
Aiming: Polymorph
Press: ? - help, Shift-Dir - straight line, f - orc priest
Aim: an orc priest, wielding a +0 trident of protection (moderately wounded, will become a rat, a ball python, or a wyvern, chance to affect: 49%)
The orc priest resists with some effort.
The orc priest barely misses you.
Aiming: Polymorph
Press: ? - help, Shift-Dir - straight line, f/p - orc priest
Aim: an orc priest, wielding a +0 trident of protection (moderately wounded, will become a rat, a ball python, or a wyvern, chance to affect: 49%)
The orc priest resists with some effort.
You block the orc priest's attack.
Aiming: Polymorph
Press: ? - help, Shift-Dir - straight line, f/p - orc priest
Aim: an orc priest, wielding a +0 trident of protection (moderately wounded, will become a rat, a ball python, or a wyvern, chance to affect: 49%)
The orc priest resists with some effort.
The orc priest hits you but does no damage.
Aiming: Polymorph
Press: ? - help, Shift-Dir - straight line, f/p - orc priest
Aim: an orc priest, wielding a +0 trident of protection (moderately wounded, will become a rat, a ball python, or a wyvern, chance to affect: 49%)
The orc priest evaporates and reforms as a wyvern!
You block the wyvern's attack.
You hit the wyvern but do no damage. The wyvern barely misses you.
The wyvern bites you.
* * * LOW HITPOINT WARNING * * *
You hit the wyvern.
The wyvern is lightly wounded.
The wyvern bites you!
You die...
Beogh appreciates the wyvern's killing of a heretic priest.

#............#.# #. #.###
#.##.######..#.#
###.######.##
#†##...........#
...........##
#.##.######^...#
#...._...... ##.##.# #....#
#.##.........## ...##.#
#....###.#..........#
#####.#
#.#............8....# #.#
#....###.##....)....# ..#
#.###@...##.._.)†_..# #.
#.# #.l.............#
#.###...............#
.######.............#....##
....<...............####.#
#####.......####.......#
#...)..........########
#.############.# ## #.# #.#
##.


You could see a wyvern.

Vanquished Creatures
  An orc priest (D:3)
  Natasha (twice) (D:3)
  An orc wizard (D:3)
  2 adders
  4 gnolls (D:3)
  A worm (D:3)
  4 dart slugs
  2 orcs (D:3)
  3 ball pythons
  5 endoplasms
  3 giant cockroaches (D:1)
  9 goblins
  3 hobgoblins
  8 kobolds
  4 quokkas
  A bat (D:3)
  8 frilled lizards
  5 rats
66 creatures vanquished.

Vanquished Creatures (others)
  2 orcs (D:3)
  An endoplasm (D:3)
  9 plants (D:1)
12 creatures vanquished.

Grand Total: 78 creatures vanquished

Notes
Turn   | Place    | Note
-------+----------+-------------------------------------------
     0 | D:1      | NinjaNoafa the Hill Orc Fighter began the quest for the
                  | Orb.
     0 | D:1      | Reached XP level 1. HP: 19/19 MP: 1/1
    74 | D:1      | Reached XP level 2. HP: 27/27 MP: 2/2
    77 | D:1      | You fall into a shaft and drop 1 floor!
   161 | D:1      | Reached skill level 4 in Fighting
   200 | D:1      | Reached XP level 3. HP: 33/33 MP: 3/3
   765 | D:1      | Found a faded altar of an unknown god.
  1413 | D:2      | Reached XP level 4. HP: 33/40 MP: 4/4
  1557 | D:2      | Found a runed translucent door.
  1558 | D:2      | Noticed Crazy Yiuf
  1759 | D:3      | Became a worshipper of Beogh the Brigand
  1814 | D:3      | Found an opulent altar of Gozag.
  2036 | D:3      | Reached XP level 5. HP: 10/47 MP: 5/5
  2253 | D:3      | Found a hazy altar of Hepliaklqana.
  2262 | D:3      | Noticed Natasha
  2263 | D:3      | Found a snail-covered altar of Cheibriados.
  2264 | D:3      | Found a bloodstained altar of Trog.
  2272 | D:3      | Killed Natasha
  2632 | D:3      | Noticed Natasha
  2637 | D:3      | Killed Natasha
  2695 | D:3      | Reached skill level 5 in Fighting
  2695 | D:3      | Reached XP level 6. HP: 42/56 MP: 6/6
  2705 | D:3      | an orc priest changed into a wyvern
  2705 | D:3      | Noticed a wyvern
  2707 | D:3      | Slain by a wyvern

Illustrated notes

Levels and vault maps discovered:
D:1:      nicolae_arrival_washed_ashore, layout_basic, serial_bayou,
          serial_bayou_ford_a, serial_bayou_shore_a, serial_bayou_shore_b,
          serial_bayou_pond_c, serial_bayou_lagoon_b, serial_bayou_lagoon_a,
          hellmonk_ecumenical_altar_leap_of_faith
D:2:      kennysheep_big_flooded_room, layout_basic, uniq_crazy_yiuf_cottage
D:3:      layout_loops_ring, grunt_gozag_statues, grunt_temple_overflow_open,
          ebering_ghost_rock_garden, minmay_checkerbox, uniq_natasha

Skill      XL: |  1  2  3  4  5 |
---------------+----------------+-----
Axes           | 3 4 |  4.5
Fighting       | 4 5 |  5.0
Armour         | 4 |  4.6
Shields        | 4 |  4.5

Action                   |  1- 3 |  4- 6 || total
-------------------------+-------+-------++-------
Melee: War axe           |   112 |   125 ||   237
Invok: Convert to Beogh  |       |     1 ||     1
Evoke: Wand              |       |     4 ||     4
  Use: Potion            |       |     3 ||     3
       Scroll            |       |     2 ||     2
Armor: Scale mail        |    56 |    77 ||   133
Dodge: Dodged            |    45 |    71 ||   116
Block: Buckler           |    32 |    41 ||    73

Table legend: (Time is in decaauts)
 A = Elapsed time spent in this place.
 B = Non-inter-level travel time spent in this place.
 C = Inter-level travel time spent in this place.
 D = Time resting spent in this place.
 E = Time spent auto-exploring this place.
 F = Levels seen in this place.
 G = Mean time per level.
                   A        B        C        D        E       F      G
               +--------+--------+--------+--------+--------+-----+--------+
         Total |   2846 |   2796 |     50 |      0 |   2114 |   3 |  948.7 |
       Dungeon |   2846 |   2796 |     50 |      0 |   2114 |   3 |  948.7 |
               +--------+--------+--------+--------+--------+-----+--------+

Top non-repeatable levels by time:
     D:1: 1074 daAuts
     D:3: 1017 daAuts
     D:2: 755 daAuts
